 Dungeon Crawl Stone Soup version 0.29.0-11-gd7f09526c8 (webtiles) character file.

Game seed: 6145295009903277320

310 Zonian the Chiller (level 6, -4/41 HPs)
             Began as a Demonspawn Ice Elementalist on Sept 4, 2022.
             Shot with an arrow by a centaur (16 damage)
             ... on level 4 of the Dungeon.
             The game lasted 00:06:11 (4059 turns).

Zonian the Chiller (Demonspawn Ice Elementalist)    Turns: 4059, Time: 00:06:12

Health: -4/41      AC:  2    Str:  8    XL:     6   Next: 17%
Magic:  12/12      EV: 15    Int: 25    God:
Gold:   242        SH:  4    Dex: 14    Spells: 6/13 levels left

rFire   . . .      SeeInvis .   e - +11 sling of Gallantry {freeze, Int+7}
rCold   . . .      Faith    .   (no shield)
rNeg    . . .      Spirit   .   a - +0 robe
rPois   .          Reflect  .   (no helmet)
rElec   .          Harm     .   (no cloak)
rCorr   .          Rampage  .   (no gloves)
Will    .....                   (no boots)
Stlth   ++........              (no amulet)
HPRegen 0.13/turn               (no ring)
MPRegen 0.13/turn               (no ring)

@: no status effects
A: repulsion field 2, condensation shield, demonic touch 2
a: no special abilities


You were on level 4 of the Dungeon.
You visited 1 branch of the dungeon, and saw 4 of its levels.

You collected 242 gold pieces.

Inventory:

Hand Weapons
 c - a +0 dagger
 e - the +11 sling of Gallantry (weapon) {freeze, Int+7}
   (You found it on level 2 of the Dungeon)

   Any ammunition fired from it freezes those it strikes, dealing additional
   cold damage.
   It can also slow down cold-blooded creatures.
   Int:       It affects your intelligence (+7).
Missiles
 n - 10 poisoned darts
Armour
 a - a +0 robe (worn)
Wands
 g - a wand of roots (12)
Scrolls
 b - a scroll of enchant armour
 f - 3 scrolls of fear
 h - a scroll of silence {unknown}
 i - a scroll of blinking {unknown}
 j - a scroll of noise {unknown}
 k - a scroll of torment {unknown}
 l - 3 scrolls of vulnerability {unknown}
 m - a scroll of teleportation {unknown}
 p - a scroll of identify
Potions
 d - 2 potions of heal wounds
 o - a potion of invisibility {unknown}
 q - 2 potions of curing {unknown}


   Skills:
 - Level 1.7 Dodging
 - Level 1.7 Stealth
 + Level 4.4 Spellcasting
 + Level 5.4 Ice Magic


You had 6 spell levels left.
You knew the following spells:

 Your Spells              Type           Power      Damage    Failure   Level
a - Freeze                Ice            100%       1d11      1%          1
b - Frozen Ramparts       Ice            64%        1d10      2%          3
c - Ozocubu's Armour      Ice            32%        N/A       2%          3

Your spell library contained the following spells:

 Spells                   Type           Power      Damage    Failure   Level
 Portal Projectile        Hex/Tloc       10%        N/A       26%         3
 Tukima's Dance           Hex            5%         N/A       26%         3
 Hailstorm                Conj/Ice       19%        3d6       28%         4
 Olgreb's Toxic Radiance  Pois           5%         N/A       65%         4
 Alistair's Intoxication  Tmut/Pois      3%         N/A       94%         5
 Blade Hands              Tmut           2%         N/A       94%         5
 Borgnjor's Vile Clutch   Necr/Erth      2%         N/A       94%         5
 Eringya's Noxious Bog    Tmut/Pois      2%         N/A       100%        6
 Ozocubu's Refrigeration  Ice            16%        4d11      100%        7
 Ignition                 Fire           2%         3d3       100%        8


Dungeon Overview and Level Annotations

Branches:
Dungeon (4/15)
 Temple: D:4-7

Altars:
Cheibriados
Dithmenos
Hepliaklqana
Kikubaaqudgha
Nemelex Xobeh
Okawaru
Sif Muna


Innate Abilities, Weirdness & Mutations

You are surrounded by a moderate repulsion field. (EV +3)
A meltable shield of frost defends you. (SH +4)
Your touch may inflict irresistible damage on your foes.


Message History

The sling bullet hits the adder!
The adder seems to slow down.
The sling bullet freezes the adder.
You kill the adder!
No target in view!
No target in view!
No target in view!
No target in view!
Unknown command.
You now have 242 gold pieces (gained 10).
Found 5 stones.
A hobgoblin comes into view.
You shoot a sling bullet. The sling bullet hits the hobgoblin!
The sling bullet freezes the hobgoblin.
You kill the hobgoblin!
No target in view!
No target in view!
No target in view!
Unknown command.
Found an escape hatch in the ceiling.
A centaur comes into view.
You shoot a sling bullet. The sling bullet hits the centaur!
The sling bullet freezes the centaur.
The centaur is severely wounded.
You hear a shout!
The centaur wields a +0 shortbow.
The centaur shoots an arrow.
The arrow hits you!
A centaur comes into view.
The centaur wields a +0 shortbow.
The centaur shoots an arrow.
The arrow barely misses you.
The centaur shoots an arrow.
The arrow hits you!
Okay, then.
Fire: e) +11 sling of Gallantry {freeze, Int+7}
Press: ? - help, Q - select action, (/) - cycle Shift-Dir - straight line, f/p - centaur
Aim: a centaur, wielding a +0 shortbow (severely wounded, 77% to hit)
You shoot a sling bullet.
The sling bullet barely misses the centaur.
The centaur shoots an arrow.
The arrow hits you!
* * * LOW HITPOINT WARNING * * *
The centaur shoots an arrow.
The arrow closely misses you.
The centaur shoots an arrow.
The arrow hits you!
You die...

§§§#####...#
#§#§##.....#
§_§§§§.#...#
#.#.######.#
.§.## #.# #§##
#.##### ...#
#####.....# ...#
#.....###.######
)...
#.######...@.?.#
###.##.#
#..##.##...#
....[..# #.#
...# .# .##[#..#
#. .c##c#
.##.#..# #....
... ....#..#
#.#.# #..
..###..# #.##
..# .......# #
.# #.###.##


You could see 2 centaurs.

Vanquished Creatures
  An ogre (D:4)
  An orc priest (D:4)
  A jelly (D:4)
  Jessica (D:2)
  An orc wizard (D:4)
  3 adders
  2 worms
  A dart slug (D:3)
  6 orcs (D:4)
  8 ball pythons
  2 bats (D:1)
  2 endoplasms (D:1)
  2 giant cockroaches
  8 goblins
  6 hobgoblins
  3 quokkas
  4 frilled lizards
  7 kobolds
  20 rats
79 creatures vanquished.

Notes
Turn   | Place    | Note
-------+----------+-------------------------------------------
     0 | D:1      | Zonian the Demonspawn Ice Elementalist began the quest for
                  | the Orb.
     0 | D:1      | Reached XP level 1. HP: 13/13 MP: 3/3
   448 | D:1      | Gained mutation: A meltable shield of frost defends you.
                  | (SH +4) [demonic ancestry]
   448 | D:1      | Reached XP level 2. HP: 5/19 MP: 3/5
   976 | D:1      | Reached skill level 4 in Ice Magic
  1057 | D:1      | Found a faded altar of an unknown god.
  1123 | D:1      | Gained mutation: You are surrounded by a mild repulsion
                  | field. (EV +2) [demonic ancestry]
  1123 | D:1      | Reached XP level 3. HP: 19/24 MP: 1/7
  1567 | D:2      | Noticed Jessica
  1628 | D:2      | Killed Jessica
  1635 | D:2      | Learned a level 3 spell: Frozen Ramparts
  1639 | D:2      | Learned a level 3 spell: Ozocubu's Armour
  1789 | D:2      | Gained mutation: Your touch may inflict minor irresistible
                  | damage on your foes. [demonic ancestry]
  1789 | D:2      | Reached XP level 4. HP: 30/30 MP: 5/8
  1965 | D:2      | Identified the +11 sling of Gallantry {freeze, Int+7}
  2418 | D:3      | Found a snail-covered altar of Cheibriados.
  2686 | D:3      | Found a sparkling altar of Nemelex Xobeh.
  3096 | D:3      | Found an ancient bone altar of Kikubaaqudgha.
  3101 | D:3      | Found a hazy altar of Hepliaklqana.
  3104 | D:3      | Found a shimmering blue altar of Sif Muna.
  3105 | D:3      | Found an iron altar of Okawaru.
  3178 | D:4      | Found a shadowy altar of Dithmenos.
  3192 | D:4      | Noticed an ogre
  3197 | D:4      | Gained mutation: You are surrounded by a moderate repulsion
                  | field. (EV +3) [demonic ancestry]
  3197 | D:4      | Reached XP level 5. HP: 28/35 MP: 10/10
  3200 | D:4      | Killed an ogre
  3201 | D:4      | Reached skill level 5 in Ice Magic
  3919 | D:4      | Gained mutation: Your touch may inflict irresistible damage
                  | on your foes. [demonic ancestry]
  3919 | D:4      | Reached XP level 6. HP: 41/41 MP: 12/12
  4059 | D:4      | Shot with an arrow by a centaur

Illustrated notes

Levels and vault maps discovered:
D:1:      elethiomel_arrival_maze, layout_rooms, basic_ecumenical_altar,
          minmay_pentomino_o4
D:2:      layout_basic, minmay_rat_gold_closets, uniq_jessica
D:3:      layout_loops_corners, mainiacjoe_overflow_alcove_3, slow_altar_1,
          nemelex_xobeh_ov_fountains_minmay, kennysheep_generic_room_16
D:4:      layout_loops_cross, grunt_dithmenos_smoke_and_mirrors,
          nicolae_ru_path_of_blood, minmay_manual_mares

Skill      XL: |  1  2  3  4  5 |
---------------+----------------+-----
Ice Magic      | 4 5 |  5.4
Spellcasting   | 3 4 |  4.4
Dodging        | |  1.7
Stealth        | |  1.7

Action                   |  1- 3 |  4- 6 || total
-------------------------+-------+-------++-------
Melee: Dagger            |    62 |     3 ||    65
       Touch             |       |     1 ||     1
 Fire: Sling             |       |    66 ||    66
 Cast: Freeze            |    40 |     1 ||    41
       Frozen Ramparts   |       |     1 ||     1
  Use: Potion            |     1 |       ||     1
       Scroll            |       |     3 ||     3
 Stab: Sleeping          |     3 |     2 ||     5
Armor: Robe              |    19 |     1 ||    20
Dodge: Dodged            |    69 |    15 ||    84
Block: Other             |    19 |     3 ||    22
